 Dungeon Crawl Stone Soup version 0.21-a0-471-gd587bd5 (webtiles) character file.

74 Goblin1989 the Shield-Bearer (level 4, -1/42 HPs)
             Began as a Gnoll Fighter on Nov 21, 2017.
             Killed from afar by an orc wizard (7 damage)
             ... with a magic dart
             ... on level 3 of the Dungeon.
             The game lasted 00:02:42 (1500 turns).

Goblin1989 the Shield-Bearer (Gnoll Fighter)        Turns: 1500, Time: 00:02:43

Health: -1/42      AC: 10    Str: 23 (25) XL:     4   Next: 30%
Magic:  5/5        EV:  8    Int: 12 (15) God:
Gold:   92         SH: 11    Dex: 13 (14) Spells: 5/5 levels left

rFire    . . .     SeeInvis .   a - +0 flail
rCold    . . .     Gourm    .   c - +0 shield
rNeg     . . .     Faith    .   b - +0 scale mail
rPois    .         Spirit   .   (no helmet)
rElec    .         Reflect  .   (no cloak)
rCorr    .         Harm     .   (no gloves)
MR       .....                  (no boots)
Stlth    ..........             (no amulet)
HPRegen  0.14/turn              (no ring)
MPRegen  0.09/turn              (no ring)

@: mighty, brilliant, lethally poisoned (-1 -> -2)
A: distributed training, fangs 1, molten scales 1, rugged brown scales 1, strong
nose
a: no special abilities


You were on level 3 of the Dungeon.
You were not hungry.

You visited 1 branch of the dungeon, and saw 3 of its levels.

You collected 92 gold pieces.

Inventory:

Hand Weapons
 a - a +0 flail (weapon)
Missiles
 g - 88 stones (quivered)
 j - 60 arrows
 n - 20 poisoned needles
Armour
 b - a +0 scale mail (worn)
 c - a +0 shield (worn)
Wands
 r - a wand of digging (19)
Scrolls
 k - a scroll of fog {unknown}
 l - 2 scrolls of identify {unknown}
 s - a scroll of magic mapping {unknown}
Potions
 p - a potion of degeneration
Comestibles
 e - 2 bread rations {@e1}
 f - 3 royal jellies
 m - 3 fruits
 q - a meat ration {@e2}
 t - a chunk of flesh


   Skills:
 + Level 6.6 Fighting
 + Level 1.0 Short Blades
 + Level 1.0 Long Blades
 + Level 1.0 Axes
 + Level 4.6 Maces & Flails
 + Level 1.0 Polearms
 + Level 1.0 Staves
 + Level 1.0 Slings
 + Level 1.0 Bows
 + Level 1.0 Crossbows
 + Level 1.0 Throwing
 + Level 6.6 Armour
 + Level 1.0 Dodging
 + Level 1.0 Stealth
 + Level 6.6 Shields
 + Level 1.0 Unarmed Combat
 + Level 1.0 Spellcasting
 + Level 0.8 Conjurations
 + Level 0.8 Hexes
 + Level 0.8 Charms
 + Level 0.8 Summonings
 + Level 0.8 Necromancy
 + Level 0.8 Translocations
 + Level 0.8 Transmutations
 + Level 0.8 Fire Magic
 + Level 0.8 Ice Magic
 + Level 0.8 Air Magic
 + Level 0.8 Earth Magic
 + Level 0.8 Poison Magic
 + Level 1.1 Invocations
 + Level 1.0 Evocations


You had 5 spell levels left.
You didn't know any spells.

Dungeon Overview and Level Annotations

Branches:
Dungeon (3/15)

Altars:
Ru
Wu Jian


Innate Abilities, Weirdness & Mutations

Your experience applies equally to all skills.
You have very sharp teeth.
Your uncanny sense of smell can sniff out nearby items.
You are partially covered in molten scales. (AC +2)
You are partially covered in rugged brown scales. (AC +1, +3% HP)


Message History

No target in view!
No target in view!
No target in view!
No target in view!
No target in view!
You butcher the rat corpse.
t - a chunk of flesh An orc comes into view.
The orc shouts!
You hear a shout!
Found a stone staircase leading down.
An orc wizard comes into view. It is wielding a dagger.
There are monsters nearby!
There are monsters nearby!
Found an escape hatch in the floor.
An orc comes into view. It is wielding a trident of piercing.
A frilled lizard and a kobold come into view.
The frilled lizard hisses angrily.
The kobold unwields an uncursed whip.
The kobold wields a blowgun.
The kobold shoots a poisoned needle.
The poisoned needle hits you.
You are poisoned.
You see here a poisoned needle.
You feel sick.
A goblin comes into view. It is wielding a club.
The goblin shouts!
The orc wizard gestures at you while chanting.
You are confused.
The orc barely misses you.
You are too confused!
You are too confused!
You are too confused!
You are too confused!
You take 1 damage, and have 40/41 hp.
Unknown command.
You feel sick.
You miss the frilled lizard.
The orc wizard hits you but does no damage.
The orc hits you but does no damage. The frilled lizard barely misses you.
The orc wizard hits you but does no damage.
The orc barely misses you.
A hobgoblin comes into view. It is wielding a club.
You bump into the rock wall.
You feel sick.
The hobgoblin shouts!
The orc wizard casts a spell at you. You resist with some effort.
The frilled lizard closely misses you. The orc hits you but does no damage.
You take 1 damage, and have 39/41 hp.
You sock the orc wizard!
The orc wizard is heavily wounded.
The orc wizard hits you but does no damage.
The frilled lizard bites you. The orc closely misses you.
The orc wizard casts a spell.
The orc wizard flickers and vanishes!
Deactivating autopickup; reactivate with Ctrl-A.
You take 2 damage, and have 37/41 hp.
You're too confused to move!
The frilled lizard barely misses you.
The orc hits you from afar with a trident of piercing!
You hear some strange, mumbled words.
A puff of flame appears from out of thin air!
The puff of flame hits you!
* * * LOW HITPOINT WARNING * * *
You take 20 damage, and have 17/41 hp.
MASSIVE DAMAGE!!
It was a potion of degeneration.
There was something very wrong with that liquid.
You feel weakened.
You feel dopey.
You feel clumsy.
You feel less confused.
The kobold unwields an uncursed blowgun.
The kobold wields an uncursed whip.
The kobold hits you but does no damage.
The frilled lizard bites you but does no damage.
The orc closely misses you.
You hear some strange, mumbled words.
A magic dart appears from out of thin air!
The magic dart hits you!
* * * LOW HITPOINT WARNING * * *
You take 4 damage, and have 13/41 hp.
It was a potion of mutation.
You feel extremely strange.
Molten scales grow over part of your body.
Rugged brown scales grow over part of your body.
You feel sick.
The kobold hits you with an uncursed whip.
* * * LOW HITPOINT WARNING * * *
You block the frilled lizard's attack. The orc hits you but does no damage.
Something hits you but does no damage.
You take 1 damage, and have 12/42 hp.
Unknown command.
It was a potion of brilliance.
You feel clever all of a sudden. You block the kobold's attack.
The frilled lizard closely misses you.
The orc hits you from afar with a trident of piercing.
* * * LOW HITPOINT WARNING * * *
x2 Something hits you but does no damage.
You take 6 damage, and have 6/42 hp.
You feel very mighty all of a sudden. The kobold barely misses you.
You block the frilled lizard's attack. Something hits you but does no damage.
Unknown command.
You closely miss something. You block the orc's attack.
The kobold barely misses you. You block the frilled lizard's attack.
You hear some strange, mumbled words.
A magic dart appears from out of thin air!
The magic dart hits you!
You die...

█.█ .█ ██.
█.███████.█ ...
█.██.....!█....
█..∆......█.[..
████...?......
█......█.)
█...(..█


█████lK█ █@{█ █..og..... ████g█...█ >.. .. █>.. .... ... ∆ .. You could see an
orc, a hobgoblin, a goblin, a kobold and a frilled lizard.

Vanquished Creatures
  4 adders (D:2)
  A worm (D:2)
  2 dart slugs (D:1)
  A leopard gecko (D:1)
  A bat (D:1)
  A giant cockroach (D:1)
  5 goblins (D:1)
  3 hobgoblins
  4 jackals (D:2)
  A frilled lizard (D:2)
  2 kobolds (D:1)
  7 rats
32 creatures vanquished.

Notes
Turn   | Place    | Note
-------+----------+-------------------------------------------
     0 | D:1      | Goblin1989 the Gnoll Fighter began the quest for the Orb.
     0 | D:1      | Reached XP level 1. HP: 23/23 MP: 1/1
   140 | D:1      | Reached XP level 2. HP: 29/29 MP: 2/2
   717 | D:1      | Reached XP level 3. HP: 35/35 MP: 3/3
   798 | D:2      | Reached skill level 1 in Invocations
   868 | D:2      | Found a sacrificial altar of Ru.
   961 | D:2      | Reached skill level 1 in Short Blades
   961 | D:2      | Reached skill level 1 in Long Blades
   961 | D:2      | Reached skill level 1 in Axes
   961 | D:2      | Reached skill level 1 in Polearms
   961 | D:2      | Reached skill level 1 in Staves
   961 | D:2      | Reached skill level 1 in Slings
   961 | D:2      | Reached skill level 1 in Bows
   961 | D:2      | Reached skill level 1 in Crossbows
   961 | D:2      | Reached skill level 1 in Throwing
   961 | D:2      | Reached skill level 1 in Dodging
   961 | D:2      | Reached skill level 1 in Stealth
   961 | D:2      | Reached skill level 1 in Unarmed Combat
   961 | D:2      | Reached skill level 1 in Spellcasting
   961 | D:2      | Reached skill level 1 in Evocations
   961 | D:2      | Reached XP level 4. HP: 41/41 MP: 5/5
  1284 | D:2      | Found an ornate altar of the Wu Jian Council.
  1497 | D:3      | Gained mutation: You are partially covered in molten scales. (AC +2) [potion of mutation]
  1497 | D:3      | Gained mutation: You are partially covered in rugged brown scales. (AC +1, +3% HP) [potion of mutation]
  1500 | D:3      | Killed from afar by an orc wizard

Vault maps used:
D:1:      dpeg_arrival_leaves_temple_mockup, minmay_surrounded
D:2:      lemuel_crystal_altar, overflow_temple_1_default
D:3:      old_standard_altar

Skill      XL: |  1  2  3 |
---------------+----------+-----
Invocations    | 1 |  1.1
Short Blades   | 1 |  1.0
Long Blades    | 1 |  1.0
Axes           | 1 |  1.0
Polearms       | 1 |  1.0
Staves         | 1 |  1.0
Slings         | 1 |  1.0
Bows           | 1 |  1.0
Crossbows      | 1 |  1.0
Throwing       | 1 |  1.0
Dodging        | 1 |  1.0
Stealth        | 1 |  1.0
Unarmed Combat | 1 |  1.0
Spellcasting   | 1 |  1.0
Evocations     | 1 |  1.0
Fighting       | |  6.6
Maces & Flails | |  4.6
Armour         | |  6.6
Shields        | |  6.6
Conjurations   | |  0.8
Hexes          | |  0.8
Charms         | |  0.8
Summonings     | |  0.8
Necromancy     | |  0.8
Translocations | |  0.8
Transmutations | |  0.8
Fire Magic     | |  0.8
Ice Magic      | |  0.8
Air Magic      | |  0.8
Earth Magic    | |  0.8
Poison Magic   | |  0.8

Action                   |  1- 3 |  4- 6 || total
-------------------------+-------+-------++-------
Melee: Flail             |    89 |    18 ||   107
       Bite              |    11 |     1 ||    12
  Use: Potion            |       |     4 ||     4
  Eat: Chunk             |       |     2 ||     2
Armor: Scale mail        |    38 |    12 ||    50
Dodge: Dodged            |    20 |    16 ||    36
Block: Shield            |    55 |     7 ||    62

Table legend:
 A = Spawn XP
 B = Non-spawn XP
 C = Spawn XP percentage of total XP
 D = Spawn monster count
 E = Non-spawn monster count
 F = Spawn count percentage of total count
 G = Total turns spent on level
                    A         B        C        D         E        F      G
               +---------+---------+-------+---------+---------+-------+---------
         Total |       0 |     107 |   0.0 |       0 |      32 |   0.0 |  1500
               +---------+---------+-------+---------+---------+-------+---------
           D:1 |       0 |      37 |   0.0 |       0 |      20 |   0.0 |   740
           D:2 |       0 |      69 |   0.0 |       0 |      11 |   0.0 |   731
           D:3 |       0 |       1 |   0.0 |       0 |       1 |   0.0 |    29
               +---------+---------+-------+---------+---------+-------+---------

Vault maps used:
D:1:      dpeg_arrival_leaves_temple_mockup, minmay_surrounded
D:2:      lemuel_crystal_altar, overflow_temple_1_default
D:3:      old_standard_altar
